Map: [Official] The Hunters(무한)

Players

XLB - Winner!

  • Race: Zerg Zerg
  • Spawn Location: 12:00

EnaFreesia - Winner!

  • Race: Terran Terran
  • Spawn Location: 6:00

uryu - Winner!

  • Race: Terran Terran
  • Spawn Location: 3:00

uzimy - Winner!

  • Race: Protoss Protoss
  • Spawn Location: 5:00

A.I. 4 (Medium)

  • Race: Zerg Zerg
  • Spawn Location: 9:00

A.I. 5 (Medium)

  • Race: Zerg Zerg
  • Spawn Location: 7:00

A.I. 6 (Medium)

  • Race: Zerg Zerg
  • Spawn Location: 1:00

A.I. 7 (Medium)

  • Race: Zerg Zerg
  • Spawn Location: 11:00

VOD

Have the link to the VOD?

Description

Time

  • Played on: Nov. 24, 2017, 1:14 p.m.
  • Length: 15:50
Show
View Real Time Build Order
Export as new Build Order

XLB Zerg - Winner!

Build Orders: Hatch First 

Get SALT Encoding   

  12  0:08  Overlord  
  12  0:13  Drone  
  13  0:18  Drone  
  14  0:44  Drone x2  
  16  0:57  Hatchery  
  16  1:02  Drone  
  16  1:06  Drone  
  16  1:09  Overlord  
  17  1:24  Extractor  
  16  1:27  Spawning Pool  
  16  1:29  Drone  
  16  1:37  Drone  
  17  1:55  Drone  
  17  1:56  Drone  
  19  2:21  Roach Warren  
  19  2:22  Drone x2  
  20  2:31  Drone  
  21  2:39  Zergling x4  
  21  2:43  Drone x2  
  25  2:51  Spine Crawler  
  24  3:01  Roach x2  
  24  3:05  Drone x2  
  30  3:12  Roach  
  32  3:13  Queen  
  34  3:25  Extractor, Roach  
  35  3:44  Spine Crawler, Roach  
  36  3:56  Overlord x2  
  36  4:06  Lair  
  36  4:15  Roach x2  
  40  4:22  Drone  
  40  4:23  Drone, Roach  
  44  4:30  Drone  
  45  4:33  Metabolic Boost  
  45  4:42  Roach x2  
  45  4:43  Drone x2  
  51  4:51  Overlord x2  
  51  4:59  Drone  
  52  5:07  Evolution Chamber  
  51  5:14  Hydralisk Den  
  51  5:16  Drone x2  
  51  5:17  Roach x2  
  51  5:19  Drone  
  57  5:38  Overlord  
  57  5:39  Drone x2  
  57  5:42  Zerg Missile Weapons Level 1  
  59  5:56  Hydralisk  
  61  6:05  Extractor  
  61  6:06  Drone x2  
  62  6:14  Unknown  
  58  6:38  Hydralisk  
  58  6:39  Hydralisk x2  
  64  6:41  Zergling x8  
  66  7:03  Hydralisk x2  
  66  7:28  Zergling x6  
  67  7:31  Queen  
  67  7:36  Hydralisk x3  
  71  8:01  Roach x2  
  71  8:03  Glial Reconstitution  
  72  8:13  Unknown  
  66  8:42  Spine Crawler  
  66  8:43  Hydralisk x3  
  66  8:45  Lurker Den  
  70  9:04  Unknown  
  69  9:26  Roach x3  
  75  9:32  Zerg Missile Weapons Level 2  
  75  9:42  Overlord x2  
  73  9:58  Burrow  
  72  10:11  Drone x2  
  74  10:23  Hydralisk x3  
  77  11:03  Hydralisk  
  77  11:04  Hydralisk x2  
  75  11:13  Lurker  
  75  11:15  Lurker  
  75  11:16  Lurker  
  72  12:23  Hydralisk x2  
  72  12:24  Hydralisk x3  
  72  12:28  Zergling x2  
  72  12:29  Zergling x4  
  83  13:10  Hydralisk  
  83  13:11  Hydralisk x2  
  89  13:15  Roach  
  89  13:17  Overlord x2  
  91  13:31  Unknown  
  91  13:40  Hydralisk x3  
  89  14:53  Roach x3  
  89  14:55  Hydralisk x3  
  101  15:16  Hydralisk  
Show
View Real Time Build Order
Export as new Build Order

EnaFreesia Terran - Winner!

Build Orders:  

Get SALT Encoding   

  12  0:09  Refinery  
  12  0:20  Supply Depot  
  12  0:30  Refinery  
  12  0:35  SCV  
  13  0:47  SCV  
  14  1:00  Barracks  
  14  1:48  Engineering Bay  
  14  1:52  Marine  
  15  1:55  Orbital Command  
  15  2:09  Marine  
  16  2:17  Supply Depot  
  16  2:48  Command Center  
  16  2:49  SCV  
  17  2:53  Barracks Reactor  
  17  2:59  Supply Depot  
  17  3:01  SCV  
  18  3:25  Supply Depot  
  18  3:30  Factory  
  18  3:34  SCV  
  19  3:44  Marine x2  
  21  3:55  Terran Infantry Weapons Level 1  
  21  4:02  Marine x2  
  23  4:09  Orbital Command  
  23  4:19  Marine  
  23  4:20  Marine  
  25  4:27  Bunker  
  25  4:36  Supply Depot  
  25  4:37  Marine x2  
  27  4:39  SCV  
  28  4:47  SCV  
  28  4:51  SCV  
  30  4:55  Marine x2  
  30  4:59  SCV  
  33  5:03  Supply Depot  
  33  5:07  Bunker  
  33  5:11  SCV  
  33  5:13  Marine x2  
  36  5:23  SCV  
  37  5:31  Marine x2  
  37  5:32  Barracks  
  39  5:42  Supply Depot  
  39  5:46  Bunker  
  39  5:49  Marine x2  
  41  6:04  Terran Infantry Armor Level 1  
  41  6:06  Marine x2, Supply Depot  
  43  6:15  Armory  
  37  6:48  Bunker  
  37  7:02  SCV  
  38  7:09  Barracks Reactor  
  38  7:10  Marine x2  
  38  7:14  SCV  
  41  7:26  SCV  
  41  7:27  Marine  
  41  7:28  Marine  
  44  7:30  Bunker  
  44  7:45  Marine x2  
  44  7:47  Marine x2  
  44  7:49  Barracks  
  48  7:57  Neosteel Frame  
  48  8:03  Marine x2  
  48  8:05  Marine x2  
  52  8:21  Marine x2  
  52  8:23  Marine x2  
  56  8:41  Marine x2  
  57  8:42  Starport  
  58  8:49  Barracks Reactor  
  58  9:02  Supply Depot  
  58  9:16  Building Armor  
  58  9:21  Starport  
  58  9:28  Supply Depot  
  58  9:41  SCV  
  59  9:47  Supply Depot  
  59  9:53  SCV  
  60  10:03  Marine x2  
  60  10:05  SCV  
  60  10:06  Marine x2  
  64  10:07  Marine x2  
  66  10:17  Medivac  
  66  10:18  SCV  
  66  10:21  Marine x2  
  69  10:23  Marine  
  69  10:24  Marine  
  69  10:25  Marine x2  
  75  10:30  Supply Depot  
  75  10:39  SCV, Marine x2  
  75  10:41  Marine x2  
  80  10:43  Marine x2  
  80  10:47  Medivac  
  82  10:51  SCV, Refinery  
  82  10:54  Refinery  
  82  10:56  Terran Infantry Weapons Level 2  
  82  10:57  Marine x2  
  82  10:59  Marine x2  
  82  11:01  Marine x2  
  82  11:03  SCV  
  89  11:15  SCV  
  89  11:16  Medivac  
  92  11:28  SCV, Supply Depot  
  92  11:31  Supply Depot  
  93  11:37  Marine  
  93  11:38  Marine  
  93  11:39  Marine x2  
  94  11:40  SCV  
  94  11:41  Marine x2  
  98  11:52  SCV  
  98  11:54  Medivac  
  101  11:55  Widow Mine, Marine x2  
  101  11:57  Marine x2  
  101  11:59  Marine x2  
  107  12:13  Marine x2  
  107  12:15  Marine x2  
  110  12:17  Marine x2  
  113  12:24  Medivac  
  115  12:31  Marine x2  
  115  12:33  Marine x2  
  115  12:34  Marine x2  
  121  12:49  Marine x2  
  121  12:51  Marine x2  
  125  12:52  Marine x2  
  125  12:53  Supply Depot  
  127  13:07  Marine x2  
  127  13:10  Missile Turret  
  127  13:11  Terran Infantry Armor Level 2  
  129  13:13  Missile Turret  
  129  13:35  Missile Turret x2  
  109  14:25  Marine  
  109  14:26  Marine  
  109  14:27  Marine x2  
  109  14:29  Marine x2  
  115  14:43  Marine x2  
  115  14:45  Marine x2  
  117  14:46  Supply Depot  
  117  14:47  Command Center, Marine x2  
  121  15:01  Marine x2  
  121  15:03  Marine x2  
  121  15:04  Marine  
  121  15:05  Marine  
  123  15:19  Marine x2  
  123  15:21  Marine x2, Supply Depot  
  126  15:22  Marine x2  
Show
View Real Time Build Order
Export as new Build Order

uryu Terran - Winner!

Build Orders: Command Center First (CC) 

Get SALT Encoding   

  12  0:03  SCV  
  13  0:15  SCV  
  14  0:23  Supply Depot  
  14  0:28  SCV  
  15  0:44  SCV  
  16  0:57  SCV  
  17  1:03  Command Center  
  17  1:09  SCV  
  18  1:19  Barracks  
  18  1:37  Supply Depot  
  18  1:41  SCV  
  19  1:48  Refinery  
  19  1:53  SCV  
  20  2:07  Barracks  
  20  2:08  SCV  
  21  2:20  SCV  
  22  2:23  Supply Depot  
  22  2:29  Barracks  
  22  2:32  Marine  
  23  2:40  SCV  
  23  2:41  Refinery  
  24  2:49  Marine  
  25  2:52  SCV  
  25  2:57  SCV  
  27  3:04  SCV  
  28  3:07  Marine  
  28  3:08  Barracks Reactor  
  28  3:09  SCV  
  30  3:16  SCV  
  31  3:22  SCV  
  32  3:28  SCV  
  33  3:37  Barracks Reactor  
  33  3:38  Barracks Reactor, Barracks  
  33  3:40  SCV  
  34  3:52  SCV  
  35  3:58  Supply Depot  
  35  4:12  Marine x2  
  35  4:16  Marine x2  
  39  4:21  Marine x2  
  39  4:23  Factory  
  41  4:29  Marine  
  42  4:34  Marine  
  42  4:35  SCV  
  42  4:38  Orbital Command  
  44  4:39  Marine  
  45  4:47  SCV  
  45  4:48  Barracks Reactor  
  45  4:49  Marine  
  45  4:51  Marine  
  45  4:52  Marine x3  
  51  4:56  Marine  
  51  4:59  SCV  
  53  5:00  Supply Depot  
  53  5:04  Supply Depot  
  53  5:07  Marine  
  53  5:09  Marine  
  53  5:10  Marine x2  
  53  5:12  SCV  
  58  5:20  Hellion  
  59  5:24  SCV  
  59  5:27  Engineering Bay  
  53  5:35  Marine x2  
  53  5:36  SCV, Marine  
  53  5:37  Marine  
  53  5:38  Marine x2  
  53  5:41  Hellion, Marine x2  
  64  5:52  SCV  
  64  5:53  Marine x2  
  64  5:54  Marine  
  64  5:55  Marine x2  
  64  5:57  Refinery  
  70  5:58  Marine x2  
  70  6:01  Supply Depot  
  72  6:04  SCV  
  72  6:05  Terran Infantry Weapons Level 1  
  72  6:11  Marine x2  
  73  6:12  Marine x2  
  73  6:13  Marine  
  78  6:22  Marine x3  
  78  6:23  SCV, Hellion  
  84  6:29  Marine  
  84  6:30  Marine  
  86  6:40  Barracks  
  86  7:29  Supply Depot  
  86  7:31  Supply Depot  
  86  7:46  Barracks Reactor  
  86  7:50  Marine x7  
  86  7:51  SCV  
  94  7:52  Marine  
  94  7:53  Hellion  
  94  7:54  Supply Depot  
  94  7:55  Supply Depot  
  97  8:03  SCV, Engineering Bay  
  98  8:08  Marine x4  
  102  8:15  Marine x4  
  102  8:16  Hellion  
  108  8:20  Terran Infantry Armor Level 1  
  108  8:25  Barracks  
  108  8:26  Marine x2  
  110  8:31  Supply Depot  
  110  8:33  Marine  
  111  8:36  Supply Depot  
  111  8:37  Hellion  
  111  8:38  Supply Depot  
  111  8:39  Marine x2  
  111  8:40  Marine  
  116  8:43  Marine x2  
  118  8:52  Marine x5  
  123  8:57  Marine x2  
  123  8:58  Marine  
  123  8:59  Hellion  
  123  9:01  Marine x2  
  130  9:08  Supply Depot  
  130  9:10  Marine x4  
  130  9:12  Supply Depot  
  130  9:15  Supply Depot  
  134  9:20  Hellion  
  134  9:22  Barracks Reactor  
  134  9:23  Marine x2  
  138  9:25  Marine x2  
  138  9:28  Marine x2  
  138  9:29  Marine x2  
  144  9:39  Supply Depot  
  144  9:41  Hellion, Marine x2  
  144  9:43  Marine x2  
  150  9:47  Marine x2  
  152  10:01  Marine  
  152  10:02  Supply Depot  
  153  10:14  Factory  
  153  10:21  Orbital Command  
  146  11:10  Marine x2  
  147  11:12  Marine x2  
  147  11:13  Marine  
  147  11:15  Marine  
  147  11:16  Marine x2  
  153  11:18  Marine x2  
  153  11:21  Marine x2  
  153  11:23  Hellion  
  153  11:25  Hellion  
  161  11:28  Marine x2  
  161  11:29  Marine  
  161  11:30  Marine  
  161  11:31  Marine  
  166  11:33  Marine  
  166  11:34  Marine x2  
  166  11:36  Marine x2  
  166  11:39  Marine x2  
  171  11:45  Hellion  
  171  11:46  Hellion, Marine  
  176  11:47  Marine  
  176  11:49  Marine  
  176  11:52  Marine x2  
  180  11:54  Marine x2  
  180  11:57  Marine  
  180  12:03  Marine  
  180  12:04  Marine  
  182  12:19  Supply Depot  
  182  12:35  Marine  
  182  12:40  Marine x8  
  182  12:42  Marine x2, Supply Depot  
  190  12:46  Marine  
  190  12:48  Hellion  
  189  12:53  Marine  
  190  13:03  Marine x4  
  190  13:04  Hellion, Marine x2  
  198  13:13  Marine x2  
  198  13:16  Marine  
  198  13:19  Hellion, Supply Depot  
  197  13:21  Marine x2  
  198  13:31  Supply Depot  
  198  13:33  Marine  
  198  13:34  Supply Depot  
  198  13:36  Marine  
  198  13:40  Marine x2  
  200  13:49  Marine x2  
  200  13:51  Marine  
  200  13:52  Marine  
  200  13:57  Hellion, Marine x2  
  200  14:00  Hellion  
  199  14:07  Marine x2  
  199  14:09  Marine  
  200  14:22  Supply Depot  
  200  14:27  Supply Depot  
  198  15:05  Marine x2  
Show
View Real Time Build Order
Export as new Build Order

uzimy Protoss - Winner!

Build Orders:  

Get SALT Encoding   

  12  0:03  Probe  
  13  0:23  Probe  
  14  0:35  Pylon  
  14  0:48  Assimilator  
  14  0:59  Gateway  
  14  1:07  Probe, Pylon  
  15  1:19  Probe  
  15  1:23  Pylon  
  16  1:33  Gateway  
  16  1:47  Assimilator  
  16  1:59  Cybernetics Core  
  16  2:11  Pylon  
  16  2:20  Probe  
  17  2:30  Pylon  
  17  2:32  Probe  
  18  2:41  Pylon  
  18  2:44  Probe  
  19  2:45  Zealot  
  19  2:48  Zealot  
  23  3:02  Probe  
  24  3:12  Zealot  
  26  3:45  Nexus  
  26  3:56  Gateway  
  26  4:07  Warp Gate  
  26  4:20  Twilight Council  
  26  4:42  Zealot  
  26  4:43  Zealot  
  30  5:09  Stalker  
  30  5:10  Stalker  
  34  5:15  Probe  
  35  5:28  Probe  
  36  5:40  Probe, Stalker  
  39  5:52  Assimilator, Probe  
  40  5:57  Assimilator  
  40  5:58  Stalker  
  43  6:04  Probe  
  43  6:10  Stalker  
  45  6:12  Charge  
  45  6:16  Probe  
  46  6:22  Shield Battery  
  46  6:26  Forge  
  46  6:28  Stalker  
  48  6:58  Zealot  
  50  7:25  Stalker  
  32  7:53  Stalker  
  32  7:54  Stalker  
  32  7:57  Stalker  
  38  8:23  Stalker  
  38  8:24  Stalker  
  42  8:27  Stalker  
  42  8:52  Blink  
  42  8:53  Stalker  
  42  8:54  Stalker  
  46  8:56  Probe  
  46  8:57  Stalker  
  49  9:08  Probe  
  50  9:20  Probe  
  50  9:23  Stalker  
  53  9:24  Stalker  
  53  9:27  Stalker  
  57  9:32  Probe  
  58  9:44  Probe  
  59  9:52  Stalker  
  59  9:54  Stalker  
  63  10:06  Probe  
  64  10:12  Probe  
  65  10:18  Probe  
  66  10:22  Stalker  
  66  10:24  Probe, Stalker  
  71  10:30  Probe  
  70  10:36  Probe  
  70  10:42  Probe  
  72  10:48  Probe  
  73  10:52  Stalker  
  73  10:54  Probe, Stalker  
  78  11:01  Probe  
  77  13:15  Nexus  
  77  13:21  Assimilator  
  77  13:23  Assimilator  
  77  13:32  Pylon  
  77  13:50  Stalker x3  
  83  14:20  Stalker  
  85  14:27  Stalker x2  
  89  14:50  Stalker  
  91  14:57  Stalker x2  
  95  15:20  Stalker  
Show
View Real Time Build Order
Export as new Build Order

A.I. 4 (Medium) Zerg 

Build Orders: Pool First 

Get SALT Encoding   

  12  0:01  Drone  
  13  0:11  Overlord  
  13  0:17  Drone  
  14  0:30  Drone  
  14  0:32  Drone  
  16  0:42  Spawning Pool  
  15  0:44  Drone  
  15  0:47  Drone  
  17  0:50  Extractor  
  17  0:55  Drone  
  17  1:05  Overlord  
  17  1:28  Queen  
  17  1:30  Zergling x2  
  20  1:34  Roach Warren  
  20  1:36  Extractor  
  20  1:37  Drone  
  19  1:48  Drone  
  19  1:49  Zergling x2  
  21  1:59  Drone  
  22  2:10  Lair  
  22  2:17  Roach  
  24  2:27  Overlord  
  24  2:35  Roach  
  26  2:48  Overlord  
  26  2:53  Roach  
  28  3:10  Roach  
  30  3:16  Drone  
  31  3:21  Drone  
  32  3:29  Roach  
  32  3:30  Hydralisk Den  
  33  3:34  Drone  
  33  3:35  Overlord  
  34  3:46  Drone  
  35  3:50  Drone  
  35  3:54  Drone  
  37  3:58  Drone  
  37  4:00  Hydralisk  
  40  4:07  Baneling Nest  
  39  4:10  Drone  
  39  4:16  Drone, Evolution Chamber  
  40  4:18  Hydralisk  
  42  4:36  Hydralisk  
  43  4:55  Zergling x2  
  44  6:59  Drone, Hydralisk  
  44  7:00  Overseer, Overlord  
  44  7:01  Queen, Overseer  
  47  7:02  Drone  
  47  7:03  Spore Crawler  
  47  7:05  Drone  
  47  7:07  Spore Crawler  
  49  7:09  Drone  
  49  7:11  Hatchery, Infestation Pit  
  49  7:12  Drone  
  49  7:14  Spire  
  49  7:15  Drone  
  48  7:16  Evolution Chamber  
  48  7:18  Drone  
  48  7:21  Drone  
  49  7:24  Drone  
  49  7:28  Drone  
  49  7:29  Hydralisk  
  51  7:36  Spine Crawler  
  50  7:37  Drone  
  50  7:39  Spine Crawler  
  50  7:40  Drone  
  50  7:44  Zergling x2  
  51  7:57  Overseer  
  51  7:58  Overlord  
  51  8:14  Hydralisk  
  51  8:18  Overseer  
  39  8:24  Queen  
  39  8:26  Drone  
  42  8:28  Spore Crawler  
  42  8:29  Hydralisk  
  42  8:30  Drone  
  42  8:32  Spore Crawler  
  42  8:33  Drone  
  43  8:36  Drone, Extractor  
  43  8:39  Drone, Spore Crawler  
  43  8:42  Drone  
  43  8:44  Roach  
  43  8:45  Drone  
  47  8:48  Drone  
  47  8:51  Drone  
  47  8:53  Overlord  
  50  8:55  Drone  
  50  8:58  Roach  
  50  8:59  Spine Crawler, Drone  
  50  9:02  Spine Crawler  
  51  9:04  Drone  
  51  9:07  Drone  
  53  9:12  Ravager  
  53  9:13  Zergling x2  
  53  9:15  Drone  
  56  9:18  Drone  
  56  9:23  Overlord  
  56  9:24  Drone  
  58  9:27  Drone  
  58  9:28  Roach  
  58  9:30  Drone  
  62  9:37  Drone  
  63  9:40  Drone  
  63  9:43  Drone  
  65  9:46  Drone  
  65  9:48  Overlord  
  65  9:49  Drone  
  65  9:52  Drone  
  68  9:54  Ravager, Roach  
  68  9:55  Drone  
  68  9:58  Drone  
  73  10:01  Drone  
  73  10:04  Drone  
  75  10:11  Overlord  
  75  10:14  Overseer  
  75  10:25  Drone  
  74  10:28  Zergling x2  
  74  10:30  Overlord  
  74  10:34  Drone  
  62  10:42  Drone  
  57  10:43  Hydralisk  
  57  10:48  Drone  
  57  10:49  Queen  
  59  10:51  Zergling x2  
  59  10:53  Spine Crawler  
  59  10:54  Drone  
  60  10:58  Spine Crawler, Overlord, Mutalisk  
  60  11:03  Spine Crawler, Drone  
  56  11:04  Overseer  
  56  11:06  Zergling x2, Drone  
  58  11:17  Drone, Overlord  
  45  11:20  Spine Crawler, Drone  
  45  11:21  Zergling x2  
  34  11:28  Mutalisk  
  34  11:39  Zergling x2  
  32  11:42  Overseer  
  32  11:47  Drone  
Show
View Real Time Build Order
Export as new Build Order

A.I. 5 (Medium) Zerg 

Build Orders: Pool First 

Get SALT Encoding   

  12  0:01  Drone  
  13  0:12  Overlord  
  13  0:18  Drone  
  14  0:30  Drone  
  14  0:33  Drone  
  16  0:44  Spawning Pool  
  16  0:46  Drone  
  16  0:50  Drone  
  16  0:53  Extractor  
  16  0:56  Drone  
  17  1:06  Overlord  
  17  1:31  Zergling x2, Queen  
  20  1:37  Zergling x2  
  20  1:38  Drone  
  20  1:39  Roach Warren  
  21  1:40  Extractor  
  20  1:49  Drone  
  21  1:57  Baneling Nest  
  21  2:00  Drone  
  21  2:10  Drone  
  22  2:21  Zergling x2  
  23  2:32  Zergling x2  
  24  2:38  Zergling x2, Overlord  
  24  2:43  Zergling x2  
  26  2:50  Zergling x2  
  27  2:55  Zergling x2  
  28  3:01  Baneling  
  28  3:02  Baneling x2  
  28  3:05  Zergling x2  
  29  3:11  Zergling x2, Overlord  
  30  3:16  Zergling x2  
  31  3:22  Baneling  
  31  3:23  Baneling, Zergling x2  
  32  3:29  Baneling, Zergling x2  
  33  3:35  Evolution Chamber  
  33  3:39  Drone  
  33  3:42  Drone  
  33  3:45  Drone  
  33  3:48  Drone  
  36  3:53  Drone  
  37  4:02  Drone  
  38  4:14  Zergling x2, Drone  
  39  6:22  Roach  
  39  6:23  Lair, Overlord  
  41  6:26  Spore Crawler  
  41  6:31  Spore Crawler  
  41  6:32  Hatchery, Drone  
  39  6:34  Drone  
  39  6:35  Roach  
  39  6:36  Evolution Chamber  
  39  6:38  Drone  
  33  6:41  Drone  
  33  6:44  Drone  
  31  6:47  Roach  
  31  6:51  Overlord  
  33  6:55  Drone  
  33  6:59  Drone  
  33  7:00  Roach  
  37  7:02  Drone  
  38  7:10  Spine Crawler  
  38  7:13  Drone, Roach  
  40  7:21  Spine Crawler  
  40  7:22  Overseer, Drone  
  40  7:23  Overseer  
  40  7:25  Hydralisk Den, Roach  
  40  7:26  Drone  
  40  7:27  Infestation Pit  
  40  7:29  Spire, Drone  
  41  7:32  Drone  
  42  7:38  Zergling x2  
  42  7:39  Queen  
  45  7:45  Drone  
  45  7:48  Drone  
  47  7:52  Drone  
  47  7:55  Drone, Hydralisk  
  47  7:58  Drone  
  52  8:00  Drone  
  52  8:03  Drone  
  54  8:06  Drone  
  55  8:13  Drone  
  55  8:16  Spore Crawler  
  55  8:17  Drone  
  55  8:24  Overlord  
  55  8:27  Drone, Spore Crawler, Hydralisk  
  55  8:30  Drone  
  55  8:33  Drone  
  59  8:35  Queen  
  59  8:36  Drone  
  59  8:39  Drone  
  63  8:46  Drone  
  63  8:48  Overlord  
  64  8:53  Spine Crawler  
  63  8:56  Drone, Hydralisk  
  63  8:57  Spine Crawler  
  63  8:59  Drone  
  63  9:02  Drone  
  67  9:05  Drone  
  67  9:09  Drone  
  69  9:10  Hydralisk  
  71  9:17  Drone  
  71  9:19  Overseer  
  71  9:20  Overlord  
  71  9:21  Drone  
  71  9:24  Drone  
  74  9:46  Zergling x2  
  74  9:52  Drone  
  70  9:59  Roach  
  60  10:08  Queen  
  60  10:09  Queen  
  60  10:11  Roach  
  60  10:12  Overseer, Overlord x2  
  58  10:19  Drone  
  57  10:23  Hydralisk  
  58  10:28  Drone  
  58  10:35  Drone, Roach  
  61  10:42  Drone  
  61  10:47  Hydralisk  
  63  10:55  Roach  
  63  10:56  Pneumatized Carapace  
  59  10:57  Overlord  
  59  10:58  Overseer  
  59  11:00  Roach  
  61  11:05  Hydralisk  
  61  11:06  Zerg Melee Weapons Level 1, Extractor  
  61  11:10  Hydralisk  
  64  11:12  Extractor  
  64  11:13  Overseer  
  64  11:16  Zerg Ground Armor Level 1, Overlord  
  64  11:18  Roach  
  63  11:23  Zergling x2  
  64  11:28  Roach, Burrow  
  64  11:29  Overseer  
  66  11:34  Roach  
  66  11:35  Drone  
  66  11:38  Overlord  
  66  11:39  Zergling x2, Queen, Drone  
  63  11:43  Drone  
  63  11:44  Overseer, Mutalisk  
  63  11:46  Drone  
  63  11:49  Drone  
  63  11:50  Zergling x2  
  62  11:55  Mutalisk  
  62  12:00  Overlord  
  62  12:01  Mutalisk  
  64  12:03  Hatchery, Overseer  
  64  12:07  Zergling x2  
  61  12:12  Zergling x2  
  56  12:17  Metabolic Boost, Zergling x2, Hive  
  56  12:18  Drone  
  56  12:19  Overlord  
  56  12:21  Drone  
  56  12:22  Mutalisk  
  58  12:25  Drone  
  58  12:27  Mutalisk  
  58  12:29  Overseer  
  56  12:30  Spine Crawler  
  56  12:33  Zergling x2  
  56  12:35  Spine Crawler  
  56  12:36  Overseer  
  53  12:38  Zergling x2, Overlord  
  53  12:39  Queen  
  53  12:43  Mutalisk  
  56  12:49  Zergling x2  
  57  12:54  Zergling x2  
  57  12:57  Overlord  
  58  12:59  Zergling x2  
  58  13:00  Zerg Missile Weapons Level 1  
  58  13:03  Mutalisk  
  61  13:09  Mutalisk  
  63  13:14  Mutalisk  
  63  13:16  Queen, Drone  
  63  13:17  Overlord  
  63  13:19  Drone, Mutalisk  
  70  13:24  Zergling x2  
  62  13:30  Zergling x2, Viper  
  62  13:31  Ultralisk Cavern  
  62  13:32  Overseer, Greater Spire  
  63  13:36  Zergling x2, Queen  
  63  13:41  Zergling x2  
  67  13:42  Drone, Overlord  
  67  13:45  Mutalisk  
  68  13:50  Mutalisk  
  58  13:58  Zergling x2  
  54  14:03  Zergling x2  
  54  14:08  Zergling x2  
  49  14:10  Drone  
  49  14:13  Zergling x2  
  42  14:18  Zergling x2  
  42  14:23  Zergling x2  
  38  14:28  Mutalisk  
  38  14:32  Overseer  
  38  14:33  Mutalisk  
  38  14:38  Drone  
  38  14:39  Zergling x2, Overseer, Drone  
  38  14:42  Overlord  
  38  14:44  Zergling x2  
  38  14:47  Spire  
  38  14:52  Zergling x2  
  36  14:55  Queen  
  30  15:02  Overlord  
  28  15:08  Roach  
  28  15:10  Zergling x2  
  27  15:20  Baneling Nest, Mutalisk  
  27  15:24  Overlord  
Show
View Real Time Build Order
Export as new Build Order

A.I. 6 (Medium) Zerg 

Build Orders: Pool First 

Get SALT Encoding   

  12  0:01  Drone  
  13  0:12  Overlord  
  13  0:17  Drone  
  14  0:30  Drone  
  14  0:33  Drone  
  16  0:43  Spawning Pool  
  16  0:45  Drone  
  16  0:49  Drone  
  17  0:52  Extractor  
  17  0:55  Drone  
  17  1:05  Overlord  
  17  1:30  Zergling x2, Queen  
  20  1:36  Roach Warren  
  20  1:38  Drone  
  20  1:40  Zergling x2  
  20  1:42  Extractor  
  20  1:48  Drone  
  21  1:59  Drone  
  22  2:12  Overlord  
  22  2:21  Roach  
  24  2:31  Roach  
  26  2:37  Overlord  
  26  2:41  Roach  
  28  2:45  Drone  
  28  2:49  Drone  
  30  2:54  Drone  
  31  3:04  Drone  
  32  3:09  Drone, Roach  
  32  3:12  Drone  
  36  3:16  Overlord  
  36  3:22  Baneling Nest  
  36  3:27  Drone  
  36  3:31  Evolution Chamber  
  35  3:38  Roach  
  35  3:41  Drone  
  38  3:47  Roach  
  40  4:32  Zergling x2  
  40  5:01  Lair  
  40  5:02  Zergling x2  
  40  5:03  Drone, Overlord  
  40  5:05  Drone  
  43  5:07  Spore Crawler  
  43  5:10  Baneling  
  43  5:12  Spore Crawler  
  43  5:13  Hatchery  
  40  5:15  Drone  
  40  5:18  Drone  
  40  5:19  Zergling x2  
  41  5:26  Drone  
  41  5:27  Zergling x2  
  35  5:29  Drone  
  35  5:35  Zergling x2  
  33  5:38  Drone  
  34  5:43  Baneling  
  34  5:48  Zergling x2  
  35  5:56  Zergling x2  
  36  6:00  Overseer x2  
  36  6:04  Roach  
  38  6:05  Spire  
  38  6:06  Drone  
  37  6:11  Zergling x2  
  37  6:23  Zergling x2  
  37  6:24  Drone  
  34  6:27  Drone  
  34  6:31  Roach  
  35  6:37  Hatchery  
  35  6:39  Zergling x2  
  31  6:42  Queen  
  31  6:47  Roach  
  34  6:54  Zergling x2  
  34  6:56  Drone  
  31  7:01  Roach  
  25  7:08  Zergling x2  
  26  7:16  Roach  
  21  7:23  Zergling x2  
  21  7:25  Drone  
  19  7:30  Queen  
  19  7:36  Drone  
  10  7:46  Drone  
  10  7:49  Drone  
  8  7:57  Zergling x2  
  6  8:00  Drone  
  7  8:08  Zergling x2  
  7  8:25  Drone  
  6  8:31  Drone  
  5  8:36  Drone  
  4  9:07  Drone  
Show
View Real Time Build Order
Export as new Build Order

A.I. 7 (Medium) Zerg 

Build Orders: Pool First 

Get SALT Encoding   

  12  0:01  Drone  
  13  0:12  Overlord  
  13  0:17  Drone  
  14  0:30  Drone  
  14  0:33  Drone  
  16  0:43  Spawning Pool  
  16  0:44  Drone  
  16  0:49  Drone  
  17  0:51  Extractor  
  17  0:55  Drone  
  17  1:06  Overlord  
  17  1:29  Queen  
  17  1:31  Zergling x2  
  20  1:37  Roach Warren  
  20  1:38  Drone, Extractor  
  19  1:47  Zergling x2  
  19  1:49  Drone  
  21  2:00  Drone  
  22  2:10  Overlord  
  22  2:21  Roach  
  24  2:32  Drone  
  25  2:37  Overlord  
  25  2:38  Roach  
  25  2:41  Drone  
  28  2:46  Drone  
  29  2:54  Ravager  
  29  2:55  Roach  
  32  3:05  Drone  
  32  3:06  Baneling Nest  
  32  3:08  Drone  
  32  3:11  Roach  
  32  3:12  Drone  
  36  3:18  Drone  
  37  3:26  Evolution Chamber  
  36  3:28  Ravager  
  36  3:29  Roach  
  39  3:39  Drone  
  40  3:43  Overlord  
  40  3:45  Roach  
  42  4:43  Zergling x2  
  42  6:40  Drone, Lair  
  42  6:41  Overlord  
  42  6:43  Drone  
  42  6:45  Spore Crawler  
  42  6:46  Drone  
  44  6:48  Spore Crawler  
  44  6:49  Drone  
  44  6:52  Hatchery, Evolution Chamber  
  44  6:53  Drone  
  43  6:56  Drone  
  43  6:59  Drone, Overlord  
  45  7:02  Drone  
  46  7:13  Spine Crawler  
  46  7:15  Drone  
  45  7:17  Spine Crawler  
  45  7:19  Drone  
  45  7:31  Zergling x2  
  45  7:37  Queen  
  45  7:38  Overseer  
  45  7:39  Overseer  
  45  7:42  Hydralisk Den  
  45  7:43  Drone  
  47  7:45  Infestation Pit  
  47  7:46  Drone  
  47  7:49  Spire  
  47  7:50  Drone  
  47  8:06  Drone  
  47  8:07  Queen  
  47  8:09  Drone  
  52  8:12  Drone, Hydralisk  
  52  8:15  Extractor  
  52  8:16  Drone  
  52  8:19  Drone, Spore Crawler  
  54  8:22  Drone, Extractor  
  54  8:26  Zergling x2, Drone  
  55  8:29  Drone  
  55  8:32  Drone  
  49  8:35  Drone  
  49  8:38  Drone, Spore Crawler  
  49  8:39  Roach  
  50  8:42  Drone  
  50  8:45  Drone  
  52  8:49  Drone  
  52  8:53  Drone  
  52  8:54  Infestor  
  56  8:56  Drone  
  56  8:59  Drone  
  59  9:02  Drone  
  59  9:04  Spine Crawler  
  59  9:05  Drone  
  59  9:06  Spine Crawler  
  56  9:12  Drone  
  56  9:14  Overlord, Hydralisk  
  56  9:15  Drone  
  58  9:18  Drone  
  58  9:23  Drone  
  60  9:26  Drone  
  60  9:27  Roach  
  60  9:29  Drone  
  64  9:32  Drone  
  64  9:35  Drone  
  66  9:38  Drone  
  66  9:42  Hydralisk  
  66  9:44  Overlord  
  66  9:45  Drone  
  70  9:48  Drone  
  70  9:51  Hatchery  
  70  9:52  Drone  
  71  9:53  Overseer  
  71  9:55  Drone  
  71  9:56  Roach  
  74  10:04  Overlord  
  74  10:09  Roach  
  76  10:21  Infestor  
  78  10:35  Drone  
  78  10:55  Zergling x2  
  70  11:04  Drone  
  70  11:05  Pneumatized Carapace  
  70  11:08  Overseer, Spore Crawler, Roach  
  70  11:09  Overlord  
  70  11:10  Zerg Melee Weapons Level 1, Drone, Zerg Ground Armor Level 1  
  70  11:11  Queen, Burrow  
  65  11:17  Spore Crawler  
  66  11:20  Hydralisk  
  66  11:21  Drone  
  69  11:28  Overlord  
  69  11:33  Roach  
  71  11:45  Roach  
  71  11:46  Spine Crawler  
  72  11:48  Drone  
  73  11:55  Spine Crawler  
  73  11:57  Drone, Hive  
  73  11:58  Hydralisk  
  70  12:08  Extractor  
  70  12:09  Drone  
  70  12:11  Hydralisk  
  70  12:12  Overseer  
  72  12:23  Hydralisk  
  72  12:24  Overseer, Overlord  
  72  12:26  Spore Crawler  
  72  12:27  Drone  
  70  12:36  Zergling x2  
  69  12:48  Hydralisk  
  69  12:52  Drone  
  69  12:53  Spine Crawler, Overlord  
  69  12:54  Drone  
  69  12:55  Hydralisk  
  69  12:57  Drone  
  66  13:01  Drone  
  66  13:03  Zergling x2  
  66  13:04  Drone  
  61  13:07  Drone  
  61  13:10  Drone, Roach  
  65  13:13  Drone  
  65  13:14  Ultralisk Cavern  
  65  13:16  Queen, Drone  
  65  13:17  Drone x3, Mutalisk  
  65  13:19  Overseer, Drone, Overlord  
  66  13:21  Drone  
  66  13:22  Drone  
  66  13:24  Hydralisk  
  66  13:25  Drone  
  66  13:26  Drone x4  
  61  13:28  Drone  
  61  13:31  Drone  
  61  13:32  Hydralisk  
  61  13:34  Drone  
  59  13:37  Drone  
  59  13:38  Drone  
  59  13:39  Hydralisk  
  59  13:40  Drone  
  51  13:43  Drone x2  
  51  13:47  Zergling x2, Overseer, Drone  
  48  13:54  Roach  
  47  14:01  Mutalisk  
  42  14:09  Zergling x2  
  38  14:12  Overseer  
  38  14:16  Zergling x2, Overseer  
  38  14:17  Overlord  
Tags
 
Add a new tag
Caveats
  • Supply blocks, unpowered buildings, or Contaminate may cause inaccurate times.
  • Supply counts are checked every 10 seconds.